[ AOE2 MATCH · #505991267 ]
UnrankedIncas vs Mapuche
Player's team · WIN
Rival team · LOSS
[ REPLAY ANALYSIS · EXTRACTED FROM THE RECORDED GAME ]
Feudal
10:39
Castle
22:44
Imperial
—
| APM avg | 56.3 |
| APM peak | 100 |
| eAPM avg | 24.8 |
| Villagers / military | 63 / 15 |
Focus
⚔️ 44.0% · 🌾 56.0%
Unknown (2550) ×36 · Archer ×11 · Mangonel ×4
Feudal
9:30
Castle
23:02
Imperial
—
| APM avg | 45.1 |
| APM peak | 89 |
| eAPM avg | 21.2 |
| Villagers / military | 76 / 23 |
Focus
⚔️ 32.1% · 🌾 67.9%
Archer ×13 · Skirmisher ×9 · Mangonel ×1
Match map
Initial resources + every placement click. Lines = walls · curves = elevation contours. ◆ gold · ⬟ stone · ● berries · ✦ relic · ◌ wall gap
Your base· Open — unwalled flank
[PSCH] wolverito's base· ✓ Closed at 23:02 · 63t walls · 2 gate(s)
Smoothed initial terrain · ◌ = detected wall gap · hover for details
Inputs per minute
— Manco Aurelio - - [PSCH] wolverito
Build order — Manco Aurelio
First 150 of 193 actions detected
| 0:00 | Queue | Villager (Male) |
| 0:00 | Queue | Villager (Male) |
| 0:01 | Build | House |
| 0:02 | Build | House |
| 0:08 | Queue | Villager (Male) |
| 0:08 | Queue | Villager (Male) |
| 0:08 | Queue | Villager (Male) |
| 1:16 | Queue | Villager (Male) |
| 1:53 | Build | Settlement |
| 1:57 | Queue | Villager (Male) |
| 1:57 | Queue | Villager (Male) |
| 2:14 | Queue | Villager (Male) |
| 2:14 | Queue | Villager (Male) |
| 2:15 | Queue | Villager (Male) |
| 2:44 | Queue | Villager (Male) |
| 2:44 | Queue | Villager (Male) |
| 2:52 | Build | House |
| 3:16 | Queue | Villager (Male) |
| 3:16 | Queue | Villager (Male) |
| 3:49 | Queue | Villager (Male) |
| 3:49 | Queue | Villager (Male) |
| 4:25 | Queue | Villager (Male) |
| 4:29 | Queue | Villager (Male) |
| 4:30 | Queue | Villager (Male) |
| 4:58 | Queue | Villager (Male) |
| 4:58 | Queue | Villager (Male) |
| 5:20 | Build | Barracks |
| 6:03 | Queue | Villager (Male) |
| 6:03 | Queue | Villager (Male) |
| 6:15 | Build | House |
| 6:29 | Queue | Unit 2550 |
| 6:29 | Queue | Unit 2550 |
| 7:06 | Build | Settlement |
| 7:07 | Queue | Villager (Male) |
| 7:19 | Queue | Villager (Male) |
| 7:49 | Queue | Villager (Male) |
| 7:52 | Research | Loom |
| 7:57 | Queue | Unit 2550 |
| 8:10 | Queue | Villager (Male) |
| 8:26 | Research | Feudal Age |
| 8:26 | Research | Feudal Age |
| 8:29 | Research | Feudal Age |
| 8:40 | Queue | Villager (Male) |
| 8:44 | Queue | Villager (Male) |
| 8:51 | Build | Settlement |
| 9:06 | Queue | Villager (Male) |
| 9:27 | Build | Palisade Wall |
| 9:47 | Build | Settlement |
| 10:16 | Queue | Villager (Male) |
| 10:39 | Age | Feudal Age |
| 10:46 | Build | Archery Range |
| 10:48 | Queue | Villager (Male) |
| 11:13 | Research | Horse Collar |
| 11:14 | Research | Double-Bit Axe |
| 11:18 | Queue | Unit 2550 |
| 11:18 | Queue | Unit 2550 |
| 11:20 | Research | Tech 1402 |
| 11:23 | Build | House |
| 11:26 | Queue | Villager (Male) |
| 11:36 | Queue | Villager (Male) |
| 11:38 | Build | Farm |
| 11:39 | Build | Farm |
| 11:40 | Queue | Archer |
| 11:41 | Queue | Archer |
| 12:05 | Queue | Villager (Male) |
| 12:15 | Queue | Archer |
| 12:15 | Queue | Archer |
| 12:31 | Build | Farm |
| 12:33 | Build | Farm |
| 12:33 | Queue | Villager (Male) |
| 12:40 | Build | Farm |
| 12:41 | Queue | Archer |
| 12:48 | Build | Blacksmith |
| 12:50 | Build | House |
| 12:53 | Queue | Villager (Male) |
| 13:02 | Build | Farm |
| 13:03 | Queue | Villager (Male) |
| 13:08 | Queue | Archer |
| 13:20 | Queue | Unit 2550 |
| 13:29 | Build | Farm |
| 13:30 | Queue | Villager (Male) |
| 13:40 | Queue | Villager (Male) |
| 13:43 | Build | Farm |
| 13:44 | Queue | Villager (Male) |
| 13:52 | Queue | Archer |
| 14:00 | Queue | Villager (Male) |
| 14:04 | Queue | Archer |
| 14:07 | Build | Farm |
| 14:23 | Research | Fletching |
| 14:23 | Research | Fletching |
| 14:31 | Queue | Villager (Male) |
| 14:35 | Build | Farm |
| 14:51 | Queue | Villager (Male) |
| 14:55 | Build | Farm |
| 14:56 | Queue | Villager (Male) |
| 14:57 | Queue | Archer |
| 15:14 | Queue | Villager (Male) |
| 15:38 | Queue | Unit 2550 |
| 15:42 | Research | Forging |
| 15:45 | Build | Farm |
| 15:49 | Build | Farm |
| 15:50 | Queue | Archer |
| 16:09 | Queue | Unit 2550 |
| 16:17 | Build | Barracks |
| 16:20 | Build | Farm |
| 16:20 | Build | Farm |
| 16:20 | Build | Farm |
| 16:20 | Build | Farm |
| 16:23 | Queue | Villager (Male) |
| 16:41 | Queue | Unit 2550 |
| 16:44 | Queue | Unit 2550 |
| 16:59 | Queue | Unit 2550 |
| 17:03 | Research | Scale Mail Armor |
| 17:03 | Queue | Villager (Male) |
| 17:05 | Queue | Villager (Male) |
| 17:07 | Build | Farm |
| 17:08 | Build | Farm |
| 17:15 | Build | Farm |
| 17:15 | Queue | Villager (Male) |
| 17:44 | Queue | Unit 2550 |
| 17:54 | Queue | Archer |
| 17:55 | Queue | Unit 2550 |
| 18:40 | Queue | Villager (Male) |
| 18:40 | Queue | Villager (Male) |
| 18:42 | Build | Farm |
| 18:42 | Build | Farm |
| 18:42 | Build | Farm |
| 18:42 | Build | Farm |
| 18:46 | Build | Farm |
| 18:46 | Queue | Villager (Male) |
| 18:48 | Build | Farm |
| 18:48 | Queue | Villager (Male) |
| 18:51 | Queue | Unit 2550 |
| 19:43 | Queue | Villager (Male) |
| 20:04 | Research | Castle Age |
| 20:04 | Research | Castle Age |
| 20:04 | Research | Castle Age |
| 20:08 | Build | Barracks |
| 20:08 | Build | Barracks |
| 20:27 | Research | Horse Collar |
| 20:28 | Research | Horse Collar |
| 20:37 | Build | Farm |
| 20:38 | Build | Farm |
| 20:40 | Queue | Villager (Male) |
| 22:17 | Build | House |
| 22:22 | Queue | Unit 2550 |
| 22:22 | Queue | Unit 2550 |
| 22:22 | Queue | Unit 2550 |
| 22:31 | Research | Gold Mining |
| 22:35 | Queue | Unit 2550 |
Build order — [PSCH] wolverito
First 150 of 171 actions detected
| 0:00 | Queue | Villager (Male) |
| 0:01 | Queue | Villager (Male) |
| 0:02 | Build | House |
| 0:04 | Build | House |
| 0:06 | Queue | Villager (Male) |
| 0:08 | Queue | Villager (Male) |
| 1:31 | Queue | Villager (Male) |
| 2:02 | Queue | Villager (Male) |
| 2:13 | Queue | Villager (Male) |
| 2:13 | Queue | Villager (Male) |
| 2:16 | Build | Settlement |
| 2:46 | Queue | Villager (Male) |
| 2:46 | Queue | Villager (Male) |
| 2:59 | Queue | Villager (Male) |
| 3:24 | Queue | Villager (Male) |
| 3:46 | Queue | Villager (Male) |
| 4:27 | Queue | Villager (Male) |
| 4:49 | Queue | Villager (Male) |
| 5:38 | Queue | Villager (Male) |
| 5:45 | Build | Settlement |
| 5:46 | Queue | Villager (Male) |
| 5:51 | Queue | Villager (Male) |
| 6:03 | Research | Loom |
| 7:20 | Research | Feudal Age |
| 7:46 | Build | Palisade Wall |
| 7:47 | Build | Palisade Wall |
| 7:58 | Build | Palisade Wall |
| 8:02 | Queue | Villager (Male) |
| 8:03 | Queue | Villager (Male) |
| 8:06 | Queue | Villager (Male) |
| 8:06 | Queue | Villager (Male) |
| 8:19 | Build | Palisade Wall |
| 8:21 | Queue | Villager (Male) |
| 8:42 | Queue | Villager (Male) |
| 9:06 | Build | Palisade Wall |
| 9:08 | Queue | Villager (Male) |
| 9:30 | Age | Feudal Age |
| 9:37 | Build | Barracks |
| 9:39 | Queue | Villager (Male) |
| 9:39 | Queue | Villager (Male) |
| 9:43 | Build | House |
| 9:45 | Queue | Villager (Male) |
| 9:50 | Research | Double-Bit Axe |
| 10:17 | Build | House |
| 10:19 | Build | Palisade Wall |
| 10:20 | Queue | Villager (Male) |
| 10:26 | Build | Palisade Wall |
| 10:27 | Queue | Villager (Male) |
| 10:34 | Build | House |
| 10:40 | Build | Palisade Gate |
| 10:43 | Build | House |
| 10:47 | Build | Palisade Wall |
| 10:53 | Build | Palisade Wall |
| 11:05 | Build | Settlement |
| 11:09 | Build | Barracks |
| 11:15 | Queue | Villager (Male) |
| 11:17 | Build | Farm |
| 11:17 | Build | Farm |
| 11:17 | Build | Farm |
| 11:18 | Build | Farm |
| 11:18 | Build | Farm |
| 11:21 | Queue | Villager (Male) |
| 11:51 | Build | House |
| 12:14 | Build | Palisade Wall |
| 12:19 | Build | Farm |
| 12:20 | Build | Farm |
| 12:29 | Build | Palisade Wall |
| 12:32 | Build | Palisade Wall |
| 12:39 | Queue | Villager (Male) |
| 12:59 | Queue | Villager (Male) |
| 13:05 | Build | Market |
| 13:13 | Build | Market |
| 13:15 | Queue | Villager (Male) |
| 13:17 | Build | Farm |
| 13:35 | Build | Palisade Gate |
| 13:36 | Queue | Villager (Male) |
| 13:36 | Queue | Villager (Male) |
| 13:38 | Queue | Villager (Male) |
| 13:41 | Build | Farm |
| 13:58 | Build | Settlement |
| 14:11 | Queue | Skirmisher |
| 14:11 | Queue | Skirmisher |
| 14:21 | Queue | Villager (Male) |
| 14:34 | Queue | Skirmisher |
| 14:34 | Queue | Skirmisher |
| 14:35 | Queue | Villager (Male) |
| 14:37 | Build | Farm |
| 14:38 | Queue | Villager (Male) |
| 14:51 | Build | Farm |
| 14:55 | Queue | Skirmisher |
| 14:55 | Queue | Skirmisher |
| 15:19 | Build | Palisade Wall |
| 15:29 | Queue | Skirmisher |
| 15:41 | Queue | Villager (Male) |
| 15:42 | Queue | Villager (Male) |
| 15:55 | Build | Blacksmith |
| 16:03 | Queue | Skirmisher |
| 16:09 | Queue | Villager (Male) |
| 16:18 | Queue | Skirmisher |
| 16:20 | Research | Fletching |
| 16:28 | Queue | Villager (Male) |
| 16:28 | Queue | Villager (Male) |
| 16:41 | Queue | Villager (Male) |
| 16:41 | Queue | Villager (Male) |
| 16:49 | Build | Palisade Wall |
| 16:51 | Build | Palisade Wall |
| 17:48 | Queue | Villager (Male) |
| 17:48 | Queue | Villager (Male) |
| 17:59 | Build | Watch Tower |
| 18:41 | Build | Settlement |
| 18:41 | Queue | Villager (Male) |
| 18:42 | Queue | Villager (Male) |
| 18:42 | Queue | Villager (Male) |
| 19:04 | Build | Watch Tower |
| 19:07 | Queue | Villager (Male) |
| 19:07 | Queue | Villager (Male) |
| 19:07 | Queue | Villager (Male) |
| 19:11 | Queue | Villager (Male) |
| 19:11 | Queue | Villager (Male) |
| 19:37 | Queue | Villager (Male) |
| 20:08 | Queue | Villager (Male) |
| 20:22 | Research | Castle Age |
| 20:22 | Research | Castle Age |
| 20:42 | Build | Archery Range |
| 20:50 | Build | Palisade Gate |
| 20:59 | Queue | Villager (Male) |
| 20:59 | Queue | Villager (Male) |
| 20:59 | Queue | Villager (Male) |
| 21:14 | Build | House |
| 21:27 | Build | Watch Tower |
| 21:31 | Queue | Villager (Male) |
| 21:31 | Queue | Villager (Male) |
| 21:37 | Build | House |
| 21:57 | Queue | Villager (Male) |
| 22:04 | Queue | Archer |
| 22:04 | Queue | Archer |
| 22:17 | Queue | Archer |
| 22:18 | Queue | Archer |
| 22:25 | Queue | Archer |
| 22:42 | Build | Settlement |
| 22:50 | Queue | Archer |
| 22:58 | Build | Farm |
| 22:58 | Build | Farm |
| 23:02 | Age | Castle Age |
| 23:05 | Queue | Archer |
| 23:13 | Research | Bodkin Arrow |
| 23:15 | Build | Farm |
| 23:16 | Queue | Villager (Male) |
| 23:23 | Build | Farm |
| 23:34 | Build | Farm |
Match timeline
| 5:20 | Manco Aurelio · first_building Barracks |
| 7:46 | [PSCH] wolverito · wall_segment Palisade Wall x4 |
| 7:47 | [PSCH] wolverito · wall_segment Palisade Wall x1 |
| 7:58 | [PSCH] wolverito · wall_segment Palisade Wall x7 |
| 8:19 | [PSCH] wolverito · wall_segment Palisade Wall x19 |
| 9:06 | [PSCH] wolverito · wall_segment Palisade Wall x9 |
| 9:27 | Manco Aurelio · wall_segment Palisade Wall x1 |
| 9:30 | [PSCH] wolverito · age_up feudal |
| 9:37 | [PSCH] wolverito · first_building Barracks |
| 10:19 | [PSCH] wolverito · wall_segment Palisade Wall x7 |
| 10:26 | [PSCH] wolverito · wall_segment Palisade Wall x7 |
| 10:39 | Manco Aurelio · age_up feudal |
| 10:46 | Manco Aurelio · first_building Archery Range |
| 10:47 | [PSCH] wolverito · wall_segment Palisade Wall x1 |
| 10:53 | [PSCH] wolverito · wall_segment Palisade Wall x1 |
| 12:14 | [PSCH] wolverito · wall_segment Palisade Wall x1 |
| 12:29 | [PSCH] wolverito · wall_segment Palisade Wall x3 |
| 12:32 | [PSCH] wolverito · wall_segment Palisade Wall x1 |
| 15:19 | [PSCH] wolverito · wall_segment Palisade Wall x1 |
| 16:49 | [PSCH] wolverito · wall_segment Palisade Wall x1 |
| 16:51 | [PSCH] wolverito · wall_segment Palisade Wall x1 |
| 20:42 | [PSCH] wolverito · first_building Archery Range |
| 22:44 | Manco Aurelio · age_up castle |
| 22:50 | Manco Aurelio · first_building Siege Workshop |
| 23:02 | [PSCH] wolverito · age_up castle |
| 24:31 | [PSCH] wolverito · first_building Siege Workshop |
| 26:22 | [PSCH] wolverito · resign |
[ AI ANALYSIS · 1 CREDIT ]
What really happened in this match?
Wolo.gg analyzes every decision: build order, eco, micro, common mistakes by bracket. Personalized analysis on WhatsApp or Discord in 30 seconds.
Civ guide
Incas
Perfil
Jugador #12421558